AoeStats
← fgzsmrf

Arena

508989203Analyzed
1v1 RM · 9d ago on Sep 25, 2026· 45m 22s· 2 players
Game mode
Random Map
Map size
Tiny (2 player)
Population
200
Speed
Normal
Resources
Standard
Victory
Conquest
Starting age
Dark Age
Ending age
Imperial Age
RankedLock teamsTeams togetherTeam positionsShared explorationLock speedFull tech treeHidden civsTurbo modeCheats
Victory
Defeat
🇺🇸 Britons · United States
1036
+13
🇨🇱 Italians · Chile
977
-13
RelyingMarlin25
10:22 Feudal Age
16:56 Castle Age
19:37 Horse Collar
19:44 Double-Bit Axe
20:50 Wheelbarrow
20:21 Gold Mining
21:04 Fletching
21:42 Loom
22:26 Bow Saw
23:18 Padded Archer Armor
29:01 Imperial Age
27:54 Bloodlines
28:37 Town Watch
29:20 Bow Saw
29:18 Bodkin Arrow
29:34 Forging
30:26 Ballistics
36:12 Cavalier
38:37 Scale Barding Armor
39:08 Iron Casting
40:22 Chain Barding Armor
40:37 Husbandry
fgzsmrf
11:07 Feudal Age
14:52 Castle Age
12:44 Double-Bit Axe
14:10 Fletching
17:18 Town Watch
20:57 Horse Collar
24:13 Wheelbarrow
23:54 Crossbowman
24:40 Bodkin Arrow
27:10 Bow Saw
27:01 Heavy Plow
27:07 Padded Archer Armor
30:20 Imperial Age
29:35 Hand Cart
29:05 Loom
29:51 Leather Archer Armor
30:24 Ballistics
31:30 Yeomen
32:42 Two-Man Saw
31:33 Gold Mining
32:32 Bracer
32:17 Arbalester
34:52 Chemistry
35:50 Man-at-Arms
37:14 Ring Archer Armor
37:58 Warwolf
38:18 Conscription
39:32 Hoardings
39:05 Siege Engineers
40:26 Long Swordsman
41:24 Scale Mail Armor
42:47 Two-Handed Swordsman
43:28 Squires
43:14 Gambesons
Connection lost

Rejoining the realm…

Still unreachable

The connection could not be restored.

Session expired

The server has moved on; the page needs a fresh start.